 Dungeon Crawl Stone Soup version 0.31.0-9-g3a7656b989 (webtiles) character file.

Game seed: 11497473265611404193

270 qw the Skirmisher (level 6, 0/35 HPs)
             Began as a Deep Elf Hunter on Feb 2, 2024.
             Succumbed to an orc's poison
             ... on level 3 of the Dungeon.
             The game lasted 00:00:10 (2474 turns).

qw the Skirmisher (Deep Elf Hunter)                 Turns: 2474, Time: 00:00:11

Health: 0/35       AC:  7    Str: 10    XL:     6   Next: 1%
Magic:  8/8        EV:  9    Int: 14    God:
Gold:   202        SH:  0    Dex: 18    Spells: 5/5 levels left

rFire   . . .        a - +1 shortbow
rCold   . . .        (shield currently unavailable)
rNeg    . . .        f - +0 scale mail
rPois   .            d - +0 helmet
rElec   .            (no cloak)
rCorr   .            (no gloves)
SInv    .            (no boots)
Will    .....        b - amulet of faith
Stlth   +            (no ring)
HPRegen 0.25/turn    (no ring)
MPRegen 0.11/turn

%: faith
@: lethally poisoned (0 -> -10), about to teleport
A: no striking features
a: no special abilities


You were on level 3 of the Dungeon.
You visited 1 branch of the dungeon, and saw 4 of its levels.

You collected 202 gold pieces.


   Skills:
 - Level 2.0 Fighting
 + Level 9.0 Ranged Weapons
 - Level 1.2 Armour
 - Level 2.4 Dodging
 - Level 1.2 Stealth


You had 5 spell levels left.
You didn't know any spells.
Your spell library was empty.

Inventory:

Hand Weapons
 a - a +1 shortbow (weapon)
Armour
 d - a +0 helmet (worn)
 f - a +0 scale mail (worn)
Jewellery
 b - an amulet of faith (around neck)
Potions
 h - a potion of cancellation
 i - a potion of haste

Dungeon Overview and Level Annotations

Branches:
Dungeon (4/15)
 Temple: D:4-7

Altars:
Xom

Portals:
Abyss: D:3

Annotations:
D:3 2 transporters, qw's ghost, amateur SpHu


Message History

The orc is heavily wounded.
The orc hits you but does no damage.
You shoot an arrow. The arrow closely misses the orc.
The orc hits you with a +0 dagger.
You shoot an arrow. The arrow hits the orc!
You kill the orc!
You start resting.
HP restored.
You climb downwards.
A gnoll comes into view. It is wielding a +0 flail.
The orc closely misses you.
There is a stone staircase leading up, spattered with blood here.
2468 ||| STAIRDANCE The orc priest invokes the aid of Beogh against you.
Beogh smites you! The orc closely misses you.
You climb upwards.
Level annotation: 2 transporters, qw's ghost, amateur SpHu
There is a stone staircase leading down, spattered with blood here.
You shoot an arrow. The arrow hits the orc priest.
The orc priest is moderately wounded.
The orc hits you but does no damage. The orc priest barely misses you.
You shoot an arrow. The arrow hits the orc priest!
The orc priest is severely wounded.
The orc hits you with a +1 short sword of venom.
The orc priest hits you with a +0 club.
You shoot an arrow. The arrow hits the orc priest.
The orc priest is almost dead.
The orc barely misses you.
The orc priest hits you but does no damage.
The orc barely misses you.
The orc priest invokes the aid of Beogh against you.
Pain shoots through your body!
You shoot an arrow. The arrow barely misses the orc priest.
The orc hits you with a +1 short sword of venom.
You are lethally poisoned!
The orc priest hits you with a +0 club.
2474 ||| READING scroll of teleportation.
As you read the scroll of teleportation, it crumbles to dust.
You feel strangely unstable.
You die...

#.....####..##..##.##...#
#........####....###.(..##
##.#......................##
#...............)...........
#
#.##..........#..###.#....#.
# #%##.###........##
#.###.##. ### #..###
##.....### #.# #.##. ..#
###..# ###o### #.# #.##. ).#
###..# #.#@# #.# #....
######..######.#o# #.# ####.
..#..#....#..#.#.# #.# #.
..#..#....#..#.#.# #.######.
...##......##..#.# #........
...##......##..#.# #########
######..######...# ..#
###..# #.### ..# ###..# #.#


You could see an orc priest and an orc.

Vanquished Creatures
  2 jellies (D:3)
  An orc priest (D:3)
  Terence (D:2)
  4 adders
  5 dart slugs
  4 ribbon worms
  5 orcs (D:3)
  6 ball pythons
  9 endoplasms
  A giant cockroach (D:3)
  2 goblins
  6 hobgoblins
  14 jackals
  5 quokkas
  2 bats
  8 frilled lizards
  8 kobolds
  10 rats
93 creatures vanquished.

Notes
Turn   | Place    | Note
-------+----------+-------------------------------------------
     0 | D:1      | qw the Deep Elf Hunter began the quest for the Orb.
     0 | D:1      | Reached XP level 1. HP: 12/12 MP: 3/3
     0 | D:1      | 0 ||| qw: Version: 0.3-a-155-g5e7d8dd
     0 | D:1      | 0 ||| qw: Game counter: 1127
     0 | D:1      | 0 ||| qw: Melee chars always use a shield: true
     0 | D:1      | 0 ||| qw: God list: Okawaru
     0 | D:1      | 0 ||| qw: Allow faded altars: false
     0 | D:1      | 0 ||| qw: Do Orc after clearing Dungeon:15 true
     0 | D:1      | 0 ||| qw: Do second Lair branch before Depths: true
     0 | D:1      | 0 ||| qw: Lair rune preference: random
     0 | D:1      | 0 ||| qw: Goals: Normal
     0 | D:1      | 0 ||| PLANNING D:1-11
   125 | D:1      | Reached XP level 2. HP: 16/16 MP: 4/4
   128 | D:1      | Reached skill level 6 in Ranged Weapons
   274 | D:1      | Reached XP level 3. HP: 14/20 MP: 5/5
   692 | D:1      | 692 ||| UPGRADING to +0 helmet.
   697 | D:1      | 697 ||| UPGRADING to +0 scale mail.
   707 | D:1      | 707 ||| DROPPING +0 leather armour.
   708 | D:1      | 708 ||| READING 3 scrolls labelled PITTOLIDIU.
   708 | D:1      | 708 ||| IDENTIFYING clear potion
   709 | D:1      | 709 ||| READING 2 scrolls of identify.
   709 | D:1      | 709 ||| IDENTIFYING white potion
   710 | D:1      | 710 ||| READING scroll of identify.
   710 | D:1      | 710 ||| IDENTIFYING grey potion
   711 | D:1      | 711 ||| READING scroll labelled RUONIG RACSEBYNK.
   712 | D:1      | 712 ||| DROPPING scroll of butterflies.
   713 | D:1      | 713 ||| DROPPING potion of invisibility.
   714 | D:1      | 714 ||| DROPPING potion of degeneration.
   757 | D:2      | 757 ||| STAIRDANCE
   762 | D:1      | Reached skill level 7 in Ranged Weapons
   888 | D:2      | Reached XP level 4. HP: 25/25 MP: 6/6
  1021 | D:2      | Noticed Terence
  1032 | D:2      | Killed Terence
  1033 | D:2      | Reached skill level 8 in Ranged Weapons
  1468 | D:2      | 1468 ||| UPGRADING to amulet of faith.
  1473 | D:2      | 1473 ||| READING scroll of identify.
  1473 | D:2      | 1473 ||| IDENTIFYING fizzy yellow potion
  1540 | D:3      | Found a one-way gate to the infinite horrors of the Abyss.
  1540 | D:3      | Noticed qw's ghost (amateur SpHu)
  1540 | D:3      | Noticed a small abomination
  1543 | D:3      | Noticed a small abomination
  1543 | D:3      | Noticed a small abomination
  1573 | D:3      | Found a transporter.
  1579 | D:3      | Found a transporter.
  1625 | D:3      | Found a shimmering altar of Xom.
  1650 | D:3      | Reached XP level 5. HP: 29/29 MP: 7/7
  1742 | D:3      | Reached skill level 9 in Ranged Weapons
  1857 | D:3      | HP: 6/29 [orc priest/divine providence (12)]
  1858 | D:3      | 1858 ||| DRINKING potion of heal wounds.
  1870 | D:3      | Reached skill level 1 in Armour
  2325 | D:3      | Found a faded altar of an unknown god.
  2381 | D:3      | 2381 ||| READING scroll of identify.
  2381 | D:3      | 2381 ||| IDENTIFYING bubbling clear potion
  2382 | D:3      | 2382 ||| READING scroll labelled QUBBASKO FEOB.
  2383 | D:3      | 2383 ||| READING scroll labelled GAJ NOISAL OBO.
  2383 | D:3      | 2383 ||| ENCHANTING +0 shortbow.
  2384 | D:3      | 2384 ||| DRINKING 3 viscous golden potions.
  2385 | D:3      | 2385 ||| DROPPING 2 potions of brilliance.
  2416 | D:4      | 2416 ||| STAIRDANCE
  2426 | D:3      | Reached XP level 6. HP: 31/35 MP: 8/8
  2442 | D:4      | 2442 ||| STAIRDANCE
  2468 | D:4      | 2468 ||| STAIRDANCE
  2473 | D:3      | HP: 6/35 [orc/+1 short sword of venom (3)]
  2474 | D:3      | 2474 ||| READING scroll of teleportation.
  2474 | D:3      | Succumbed to an orc's poison

Levels and vault maps discovered:
D:1:      psy_arrival_statuary, layout_loops_ring, hex_large,
          serial_bayou_ford_a, chequers_serial_rivers_micro_e, minmay_tall_x
D:2:      layout_loops_cross, minivault_27, corexii_leaking_fountain,
          grunt_decor_cap, uniq_terence
D:3:      layout_loops_ring, dk_xom_monty_hall, gammafunk_ghost_abyssal_escape,
          hellmonk_ecumenical_altar_inner_sanctum,
          nicolae_houndstooth_variations
D:4:      layout_basic, overflow_temple_1_default, okawaru_trees_2,
          lemuel_crystal_altar, kennysheep_vampire_church,
          ebering_ghost_sewer_d, serial_shops, nicolae_shop_advertising_works
          [nicolae_subvault_shop_adworks]

Skill      XL: |  1  2  3  4  5 |
---------------+----------------+-----
Ranged Weapons | 6 7 8 9 |  9.0
Armour         | 1 |  1.2
Fighting       | 2 |  2.0
Dodging        | |  2.4
Stealth        | |  1.2

Action                     |  1- 3 |  4- 6 || total
---------------------------+-------+-------++-------
   Fire: Shortbow          |   128 |   174 ||   302
    Use: Scroll            |     4 |     5 ||     9
         Potion            |       |     2 ||     2
 Armour: Leather armour    |    14 |       ||    14
         Scale mail        |    50 |    94 ||   144
  Dodge: Dodged            |    58 |    69 ||   127

Table legend:
 A = Non-vault XP
 B = Vault XP
 C = Vault XP percentage of total XP
 D = Non-vault monster count
 E = Vault monster count
 F = Vault count percentage of total count
                 A         B        C        D         E       F
            +---------+---------+-------+---------+---------+-------
      Total |     255 |     131 |  33.9 |      86 |       7 |   7.5
            +---------+---------+-------+---------+---------+-------
        D:1 |      55 |       8 |  12.7 |      33 |       4 |  10.8
        D:2 |      82 |      38 |  31.7 |      28 |       1 |   3.4
        D:3 |     118 |      85 |  41.9 |      25 |       2 |   7.4
            +---------+---------+-------+---------+---------+-------
